 Dungeon Crawl Stone Soup version 0.27-a0-1287-gca74d27db6 (webtiles) character file.

Game seed: 4884386093742739272

433 polio18 the Ruffian (level 6, -1/54 HPs)
             Began as a Troll Monk on June 14, 2021.
             Slain by a bullfrog (7 damage)
             ... in a sewer.
             The game lasted 00:07:28 (3143 turns).

polio18 the Ruffian (Troll Monk)                    Turns: 3143, Time: 00:07:29

Health: -1/54      AC:  5    Str: 22    XL:     6   Next: 67%
Magic:  5/5        EV: 10    Int:  4    God:
Gold:   198        SH:  0    Dex: 12    Spells: 5/5 levels left

rFire    . . .     SeeInvis .     - Unarmed
rCold    . . .     Faith    .   (no shield)
rNeg     . . .     Spirit   .   a - +1 robe
rPois    .         Reflect  .   (helmet restricted)
rElec    .         Harm     .   (no cloak)
rCorr    .         Rampage  .   (gloves unavailable)
Will     .....     Rnd*Tele +   (boots unavailable)
Stlth    ++........             (no amulet)
HPRegen  1.18/turn              (no ring)
MPRegen  0.09/turn              (no ring)

@: no status effects
A: large, unfitting armour, claws 3, regeneration 1, shaggy fur 1, tough skin 1,
dopey 1, frail 1, teleportitis 1
a: no special abilities


You were in a sewer.
You visited 1 branch of the dungeon, and saw 5 of its levels.
You also visited: Sewer.

You collected 198 gold pieces.

Inventory:

Missiles
 p - 2 large rocks (quivered)
Armour
 a - a +1 robe (worn)
Jewellery
 b - a ring of wizardry
Scrolls
 k - a scroll of identify
 o - a scroll of noise
Potions
 c - 2 potions of lignification
 h - 3 potions of curing


   Skills:
 + Level 3.3 Fighting
 + Level 3.7 Dodging
 - Level 1.0 Stealth
 + Level 6.2 Unarmed Combat


You had 5 spell levels left.
You didn't know any spells.
Your spell library contained the following spells:

 Spells                   Type           Power      Damage    Failure   Level
 Animate Skeleton         Necr           0%         N/A       50%         1
 Apportation              Tloc           0%         N/A       50%         1
 Corona                   Hex            0%         N/A       50%         1
 Magic Dart               Conj           0%         1d3       50%         1
 Summon Small Mammal      Summ           0%         N/A       50%         1
 Blink                    Tloc           N/A        N/A       65%         2
 Call Imp                 Summ           0%         N/A       65%         2
 Slow                     Hex            0%         N/A       65%         2
 Conjure Flame            Conj/Fire      0%         6-21      86%         3
 Mephitic Cloud           Conj/Pois/Air  0%         N/A       86%         3


Dungeon Overview and Level Annotations

Branches:
Dungeon (5/15)              Sewer (1/1)
 Temple: D:4-7

Altars:
Vehumet


Innate Abilities, Weirdness & Mutations

You are too large for most types of armour.
You have claws for hands.
Your natural rate of healing is unusually fast.
You are covered in fur. (AC +1)
You have tough skin. (AC +1)
You are dopey. (Int -2)
You are frail. (-10% HP)
You are occasionally teleported next to monsters.


Message History

The bullfrog is moderately wounded.
The bullfrog hits you. The quokka barely misses you. The bullfrog hits you.
You scratch the bullfrog.
The bullfrog is heavily wounded.
The bullfrog closely misses you. The bullfrog hits you. The quokka bites you.
The bullfrog hits you.
You barely miss the bullfrog.
The bullfrog is heavily wounded.
The bullfrog hits you.
The quokka bites you but does no damage.
The bullfrog hits you but does no damage.
The bullfrog hits you.
* * * LOW HITPOINT WARNING * * *
You enter the shallow water.
Moving in this stuff is going to be slow.
The bullfrog barely misses you. The bullfrog hits you.
* * * LOW HITPOINT WARNING * * *
The bullfrog closely misses you. The bullfrog hits you.
* * * LOW HITPOINT WARNING * * *
The bullfrog hits you!
* * * LOW HITPOINT WARNING * * *
The bullfrog barely misses you. The bullfrog hits you.
* * * LOW HITPOINT WARNING * * *
The bullfrog completely misses you.
You scratch the bullfrog.
The bullfrog is severely wounded.
The bullfrog barely misses you.
The bullfrog hits you but does no damage.
You claw the bullfrog!
You kill the bullfrog!
The bullfrog hits you.
* * * LOW HITPOINT WARNING * * *
You barely miss the bullfrog. The bullfrog completely misses you.
The bullfrog closely misses you.
You scratch the bullfrog.
The bullfrog is moderately wounded.
The quokka bites you.
* * * LOW HITPOINT WARNING * * *
The bullfrog hits you!
You die...

##≈≈≈##≈≈.##≈.≈....≈≈ ##≈≈≈##†
#.≈≈.#≈≈≈.#≈≈≈.?.!.≈≈ #≈≈≈.#.
#∩.≈≈#≈≈≈≈#≈≈..?(.≈≈≈ #≈≈≈≈#≈
#..≈≈#≈≈≈.#.≈..$≈.≈≈. #≈.≈≈#≈
##≈≈.##≈≈.#≈≈≈†≈≈≈≈≈≈ ##††≈##≈
#≈≈.≈#.≈†#.≈.†≈≈≈≈≈≈ ##≈≈≈.#≈.
##≈≈≈##≈≈##≈≈#≈≈≈≈≈###≈≈≈≈##≈≈
#.≈≈≈##≈≈#≈F#######≈≈≈≈≈##≈≈≈
##≈.≈≈#≈≈##r@.≈≈.†.≈.≈###≈≈≈.
##≈.≈≈.≈≈#..≈≈≈≈≈≈####..≈†≈#
####≈.≈#######≈∩≈#≈..≈.≈≈##
##≈≈#.≈≈≈≈#####≈≈≈.#####
####≈≈≈≈≈†≈≈≈.≈####.≈∩#
#≈≈≈#########≈...≈#
#≈≈.≈..≈≈≈≈...∩.#
#≈≈≈≈≈≈†≈.≈.#####
#############


You could see a bullfrog and a quokka.

Vanquished Creatures
  Edmund (D:4)
  A bullfrog (Sewer)
  A water moccasin skeleton (D:5)
  7 adders
  4 worms
  2 dart slugs (D:1)
  An orc (D:5)
  16 endoplasms
  10 giant cockroaches
  6 goblins
  4 hobgoblins
  9 jackals
  7 quokkas
  21 ball pythons
  3 bats
  16 frilled lizards
  5 kobolds
  4 rats
118 creatures vanquished.

Notes
Turn   | Place    | Note
-------+----------+-------------------------------------------
     0 | D:1      | polio18 the Troll Monk began the quest for the Orb.
     0 | D:1      | Reached XP level 1. HP: 22/22 MP: 0/0
   104 | D:1      | Reached XP level 2. HP: 28/29 MP: 1/1
   309 | D:1      | Reached XP level 3. HP: 34/36 MP: 2/2
   506 | D:1      | Found a faded altar of an unknown god.
  1012 | D:2      | Reached skill level 4 in Unarmed Combat
  1012 | D:2      | Reached XP level 4. HP: 44/44 MP: 3/3
  2128 | D:4      | Found a radiant altar of Vehumet.
  2412 | D:4      | Noticed Edmund
  2424 | D:4      | Killed Edmund
  2425 | D:4      | Reached skill level 5 in Unarmed Combat
  2425 | D:4      | Reached XP level 5. HP: 21/53 MP: 4/4
  2789 | D:4      | Gained mutation: You are dopey. (Int -2) [potion of
                  | mutation]
  2789 | D:4      | Gained mutation: You are occasionally teleported next to
                  | monsters. [potion of mutation]
  2789 | D:4      | Gained mutation: You are frail. (-10% HP) [potion of
                  | mutation]
  2811 | D:5      | Entered Level 5 of the Dungeon
  2828 | D:5      | Reached XP level 6. HP: 38/54 MP: 5/5
  2853 | D:5      | Found a glowing drain.
  2874 | Sewer    | Entered a sewer
  3114 | Sewer    | Reached skill level 6 in Unarmed Combat
  3143 | Sewer    | Slain by a bullfrog

Illustrated notes

Levels and vault maps discovered:
D:1:      sevenhm_arrival_forest_fort_small_6, layout_rooms,
          chequers_ecumenical_altar_grove
D:2:      layout_loops_ring, minmay_pentomino_z4
D:3:      layout_basic, minmay_between
D:4:      layout_loops_corners, overflow_temple_1_default, uniq_edmund
D:5:      layout_cave_pods, cheibrodos_sewer_entry_bend, uniq_ijyb
Sewer:    sewer_frog_island_02

Skill      XL: |  1  2  3  4  5  6 |
---------------+-------------------+-----
Dodging        | 3 |  3.7
Unarmed Combat | 4 5 6 |  6.2
Fighting       | 3 |  3.3
Stealth        | |  1.0

Action                   |  1- 3 |  4- 6 || total
-------------------------+-------+-------++-------
Melee: Unarmed           |   107 |   193 ||   300
       Punch             |     2 |     2 ||     4
  Use: Scroll            |       |    11 ||    11
       Potion            |       |     5 ||     5
 Stab: Sleeping          |     2 |     2 ||     4
Armor: Robe              |    54 |    61 ||   115
Dodge: Dodged            |    57 |   113 ||   170

Table legend: (Time is in decaauts)
 A = Elapsed time spent in this place.
 B = Non-inter-level travel time spent in this place.
 C = Inter-level travel time spent in this place.
 D = Time resting spent in this place.
 E = Time spent auto-exploring this place.
 F = Levels seen in this place.
 G = Mean time per level.
                   A        B        C        D        E       F      G
               +--------+--------+--------+--------+--------+-----+--------+
         Total |   3176 |   3056 |    120 |     39 |   2253 |   6 |  529.3 |
       Dungeon |   2864 |   2744 |    120 |     39 |   2169 |   5 |  572.8 |
         Sewer |    311 |    311 |      0 |      0 |     84 |   1 |  311.0 |
               +--------+--------+--------+--------+--------+-----+--------+

Top non-repeatable levels by time:
     D:4: 863 daAuts
     D:2: 810 daAuts
     D:1: 611 daAuts
     D:3: 513 daAuts
   Sewer: 311 daAuts
     D:5: 66 daAuts
